 Dungeon Crawl Stone Soup version 0.20.0-14-g326068f (webtiles) character file.

87 Monsterracer the Chopper (level 4, -9/36 HPs)
             Began as a Minotaur Arcane Marksman on June 8, 2017.
             Killed from afar by Ijyb (11 damage)
             ... with a wand of acid (?/15)
             ... on level 3 of the Dungeon.
             The game lasted 00:04:47 (1484 turns).

Monsterracer the Chopper (Minotaur Arcane Marksman) Turns: 1484, Time: 00:04:47

Health: -9/36      AC:  5    Str: 15    XL:     4   Next: 28%
Magic:  4/4        EV: 11    Int: 10    God:
Gold:   145        SH:  0    Dex: 11    Spells: 4/5 levels left

rFire    . . .     SeeInvis .   p - +2 spear (pierce)
rCold    . . .     Gourm    .   (no shield)
rNeg     + . .     Faith    .   k - +0 ring mail
rPois    .         Spirit   .   (helmet restricted)
rElec    .         Reflect  .   (no cloak)
rCorr    .         Harm     .   (no gloves)
MR       .....                  (no boots)
Stlth    ..........             (no amulet)
Regen    0.2/turn               q - ring of loudness (curse)
MPRegen  0.1/turn               c - ring of positive energy

@: no status effects
A: retaliatory headbutt, horns 2
a: no special abilities


You were on level 3 of the Dungeon.
You were not hungry.

You visited 1 branch of the dungeon, and saw 3 of its levels.

You collected 145 gold pieces.

Inventory:

Hand Weapons
 i - a +1 vampiric hand axe
 p - a +2 spear of piercing (weapon)
Missiles
 d - 2 throwing nets (quivered)
Armour
 k - a +0 ring mail (worn)
Jewellery
 c - a ring of positive energy (right hand)
 q - a cursed ring of loudness (left hand)
Scrolls
 b - a scroll of enchant armour {unknown}
 h - 3 scrolls of teleportation {unknown}
 j - 4 scrolls of identify {unknown}
 l - 3 scrolls of enchant weapon {unknown}
 m - a scroll of recharging {unknown}
 n - a scroll of remove curse {unknown}
Potions
 e - 2 potions of flight
Comestibles
 a - 4 fruits
 f - a bread ration
 g - a chunk of flesh


   Skills:
 - Level 2.1 Fighting
 + Level 4.4 Axes
 - Level 2.0 Throwing
 - Level 2.1 Dodging
 - Level 1.0 Spellcasting
 - Level 2.0 Hexes


You had 4 spell levels left.
You knew the following spells:

 Your Spells              Type           Power        Failure   Level  Hunger
a - Corona                Hex            #......      30%         1    ##.....


Dungeon Overview and Level Annotations

Branches:
Dungeon (3/15)

Altars:
Nemelex Xobeh

Annotations:
D:3 Ijyb


Innate Abilities, Weirdness & Mutations

You reflexively headbutt those who attack you in melee.
You have a pair of horns on your head.


Message History

You hit Ijyb.
Ijyb is lightly wounded.
You hit Ijyb.
Ijyb is moderately wounded.
Ijyb zaps a wand.
The bolt of acid hits you!
You are splashed with acid!
The acid burns!
Ouch! That really hurt!
* * * LOW HITPOINT WARNING * * *
It is a wand of acid (?/15).
You are too injured to fight recklessly!
Okay, then.
Unknown command.
Ijyb zaps a wand.
The bolt of acid misses you.
There is a stone staircase leading up here.
You completely miss Ijyb.
Ijyb is moderately wounded.
You hit Ijyb.
Ijyb is heavily wounded.
Ijyb zaps a wand.
The bolt of acid hits you!
You die...

#########
########@g.....#
.........#####.#
##########
#.########
#.........
##########


You could see Ijyb.

Vanquished Creatures
  3 adders (D:2)
  2 oozes (D:2)
  2 dart slugs
  3 leopard geckos
  A ball python (D:1)
  3 bats
  2 giant cockroaches (D:2)
  6 goblins
  7 hobgoblins
  3 jackals (D:1)
  5 kobolds
  3 frilled lizards (D:2)
  3 rats (D:2)
43 creatures vanquished.

Notes
Turn   | Place    | Note
-------+----------+-------------------------------------------
     0 | D:1      | Monsterracer the Minotaur Arcane Marksman began the quest for the Orb.
     0 | D:1      | Reached XP level 1. HP: 16/16 MP: 1/1
   188 | D:1      | Reached skill level 1 in Axes
   215 | D:1      | Reached XP level 2. HP: 23/24 MP: 2/2
   614 | D:1      | Reached skill level 2 in Axes
   949 | D:2      | Reached XP level 3. HP: 29/29 MP: 3/3
   972 | D:2      | Reached skill level 3 in Axes
  1147 | D:2      | Reached skill level 4 in Axes
  1148 | D:2      | Reached XP level 4. HP: 36/36 MP: 4/4
  1363 | D:2      | Found a sparkling altar of Nemelex Xobeh.
  1471 | D:3      | Noticed Ijyb
  1474 | D:3      | HP: 1/36 [acid (19)]
  1484 | D:3      | Killed from afar by Ijyb

Skill      XL: |  1  2  3 |
---------------+----------+-----
Fighting       | 2 |  2.1
Axes           | 1 2 4 |  4.4
Throwing       | |  2.0
Dodging        | |  2.1
Spellcasting   | |  1.0
Hexes          | |  2.0

Action                   |  1- 3 |  4- 6 || total
-------------------------+-------+-------++-------
Melee: Unarmed           |    10 |       ||    10
       Dagger            |    54 |       ||    54
       Short sword       |     3 |       ||     3
       Headbutt          |     8 |     1 ||     9
       Hand axe          |     8 |     1 ||     9
       Spear             |       |     8 ||     8
  Use: Potion            |     4 |       ||     4
  Eat: Chunk             |     1 |     1 ||     2
Armor: Leather armour    |    12 |       ||    12
       Ring mail         |    12 |       ||    12
Dodge: Dodged            |    50 |     2 ||    52
